 Dungeon Crawl Stone Soup version 0.31.0-11-ge490571c62 (webtiles) character file.

Game seed: 2422563576057583349

420 Zeor the Shooter (level 6, 0/37 HPs)
             Began as a Tengu Hunter on Feb 2, 2024.
             Was an Initiate of Okawaru.
             Slain by Duvessa
             ... wielding a +0 rapier
              (5 damage)
             ... on level 5 of the Dungeon.
             The game lasted 00:08:26 (3830 turns).

Zeor the Shooter (Tengu Hunter)                     Turns: 3830, Time: 00:08:27

Health: 0/37       AC:  5    Str: 18    XL:     6   Next: 94%
Magic:  7/7        EV: 14    Int: 15    God:    Okawaru [......]
Gold:   220        SH:  0    Dex: 19    Spells: 5/5 levels left

rFire   . . .        a - +1 shortbow
rCold   . . .        (shield currently unavailable)
rNeg    . . .        c - +0 leather armour
rPois   .            (helmet restricted)
rElec   .            i - +1 cloak
rCorr   .            (no gloves)
SInv    .            (boots unavailable)
Will    .....        (no amulet)
Stlth   ++           k - +6 ring of intelligence
HPRegen 0.26/turn    q - +6 ring of strength
MPRegen 0.10/turn

%: acrobat
@: about to teleport, weakened
A: beak, talons 3, acrobatic
a: Renounce Religion


You were on level 5 of the Dungeon.
You worshipped Okawaru.
Okawaru was noncommittal.
You visited 2 branches of the dungeon, and saw 6 of its levels.

You collected 220 gold pieces.

Inventory:

Hand Weapons
 a - a +1 shortbow (weapon)
 b - a +2 hand axe of electrocution
 g - a +0 quarterstaff
 n - a +2 heavy flail
 o - a +0 dagger of freezing
Armour
 c - a +0 leather armour (worn)
 i - a +1 cloak (worn)
Magical Staves
 t - a staff of alchemy
Jewellery
 k - a +6 ring of intelligence (left hand)
 q - a +6 ring of strength (right hand)
Wands
 e - a wand of flame (13)
 p - a wand of quicksilver (4)
Scrolls
 u - a scroll of butterflies
Potions
 f - a potion of brilliance {unknown}
 h - 2 potions of haste
 j - 2 potions of invisibility
 l - a potion of enlightenment {unknown}
 m - 2 potions of cancellation {unknown}
 r - 2 potions of might {unknown}
 s - 3 potions of magic {unknown}
 v - a potion of curing {unknown}


   Skills:
 * Level 3.1 Fighting
 + Level 7.1 Ranged Weapons
 + Level 1.6 Armour
 * Level 4.0 Dodging
 + Level 1.2 Stealth
 * Level 0.9 Invocations


You had 5 spell levels left.
You didn't know any spells.
Your spell library contained the following spells:

 Spells                   Type           Power      Damage    Failure   Level
 Dimensional Bullseye     Hex/Tloc       0%         N/A       97%         4
 Iskenderun's Mystic Bla  Conj/Tloc      0%         2d3       97%         4
 Tukima's Dance           Hex            Unusable   N/A       N/A         3
 Animate Dead             Necr           Unusable   N/A       N/A         4
 Haunt                    Necr/Summ      Unusable   N/A       N/A         7
 Infestation              Necr           Unusable   N/A       N/A         8

Dungeon Overview and Level Annotations

Branches:
Dungeon (5/15)             Temple (1/1) D:4

Altars:
Kikubaaqudgha
Okawaru
Uskayaw
Wu Jian
Xom
Yredelemnul

Annotations:
D:5 Duvessa


Innate Abilities, Weirdness & Mutations

You have a beak for a mouth.
You have claws for feet.
You can magically evade attacks while moving or waiting.


Message History

The hound bites you.
A jelly comes into view.
The gnoll bouda gazes fiercely through you!
You feel as though you will be weak longer.
The gnoll bouda misses you. The hound barely misses you.
You shoot an arrow.
The arrow barely misses the gnoll bouda.
You hear a howl!
A howler monkey comes into view.
The hound barely misses you.
The gnoll bouda hits you with a +0 whip.
You hear a shout!
You shoot an arrow. The arrow hits the gnoll bouda.
The gnoll bouda is almost dead.
The hound misses you.
The howler monkey hoots and howls with incredible vigour!
The gnoll bouda hits you with a +0 whip!
The hound closely misses you.
You hear an angry hiss. x2; You hear a shout! x2; You hear an angry hiss.
Okay, then.
Okay, then.
Okay, then.
As you read the scroll of teleportation, it crumbles to dust.
You feel strangely unstable. The hound barely misses you.
The gnoll bouda gazes fiercely through you!
You feel as though you will be weak longer.
The gnoll bouda hits you with a +0 whip!
* * * LOW HITPOINT WARNING * * *
Okay, then.
The hound bites you.
* * * LOW HITPOINT WARNING * * *
The gnoll bouda gazes fiercely through you!
You feel as though you will be weak longer.
The gnoll bouda closely misses you. The hound completely misses you.
Your surroundings suddenly seem different.
Duvessa, Sister of Dowan comes into view.
She is wielding a +0 rapier.
Found a glowing rapier.
As you read the scroll of teleportation, it crumbles to dust.
You feel strangely unstable. Duvessa hits you with a +0 rapier.
You die... ▒▒▒▒▒∙▒▒▒▒▒▒▒ ∙∙▒▒▒▒∙∙∙▒∙▒ ∙ ∙∙▒▒∙∙)∙▒▒∙▒ ∙∙ ∙∙▒▒∙∙hg▒▒∙▒▒ ∙∙∙ ▒∙▒∙∙∙∙5▒∙∙†▒■ ∙∙∙∙ ▒∙▒▒▒▒▒▒J∙∙∙∙▒▒▒▒▒ ∙∙∙∙∙

▒∙∙∙∙∙∙∙∙∙∙∙∙∙∙∙)∙
▒▒▒∙∙∙▒e▒▒▒∙∙∙∙∙∙∙∙∙∙∙▒▒
∙∙)∙∙∙∙Q▒ ▒▒∙∙∙∙∙∙∙∙∙▒▒
∙∙∙∙∙∙∙∙▒ ▒▒∙∙∙∙∙∙∙▒▒
∙∙∙∙∙∙∙∙▒


■∙∙∙∙∙∙∙■ ∙∙∙∙∙∙∙∙▒ ▒∙∙∙∙∙∙∙▒ ∙∙∙∙∙∙∙∙▒ ▒∙∙∙∙▒∙∙∙∙ ∙∙∙∙∙∙∙∙▒ ▒∙∙▒▒■▒▒∙∙
∙∙∙∙∙∙∙∙▒ ∙∙∙∙∙∙∙∙▒ You could see Duvessa.

Vanquished Creatures
  2 scorpions
  2 orc priests
  Ijyb (D:5)
  2 iguanas (D:5)
  An orc wizard (D:4)
  3 gnolls (D:4)
  2 adders
  2 dart slugs (D:5)
  A ribbon worm (D:2)
  10 orcs
  4 endoplasms
  3 giant cockroaches
  6 goblins
  7 hobgoblins
  7 kobolds
  2 quokkas
  7 ball pythons
  7 frilled lizards
  6 rats
75 creatures vanquished.

Vanquished Creatures (others)
  An orc wizard (D:4)
1 creature vanquished.

Grand Total: 76 creatures vanquished

Notes
Turn   | Place    | Note
-------+----------+-------------------------------------------
     0 | D:1      | Zeor the Tengu Hunter began the quest for the Orb.
     0 | D:1      | Reached XP level 1. HP: 12/12 MP: 2/2
   369 | D:1      | Reached XP level 2. HP: 17/17 MP: 3/3
  1159 | D:2      | Reached skill level 5 in Ranged Weapons
  1237 | D:2      | Found a faded altar of an unknown god.
  1237 | D:2      | Noticed a glass eye
  1237 | D:2      | Noticed a shining eye
  1237 | D:2      | Noticed a great orb of eyes
  1237 | D:2      | Noticed a golden eye
  1249 | D:2      | Reached XP level 3. HP: 20/21 MP: 4/4
  2321 | D:4      | Reached XP level 4. HP: 27/27 MP: 5/5
  2574 | D:4      | Found a staircase to the Ecumenical Temple.
  2583 | D:4      | Reached XP level 5. HP: 31/31 MP: 6/6
  2603 | D:4      | Reached skill level 6 in Ranged Weapons
  2603 | D:4      | Reached skill level 1 in Armour
  2684 | Temple   | Entered the Ecumenical Temple
  2694 | Temple   | Became a worshipper of Warmaster Okawaru
  2787 | D:4      | Reached XP level 6. HP: 18/36 MP: 7/7
  3150 | D:5      | Entered Level 5 of the Dungeon
  3302 | D:5      | Noticed Ijyb
  3320 | D:5      | Killed Ijyb
  3673 | D:5      | Reached skill level 7 in Ranged Weapons
  3829 | D:5      | Noticed Duvessa
  3830 | D:5      | Slain by Duvessa

Illustrated notes

Levels and vault maps discovered:
D:1:      evilmike_arrival_hilbert_curve, layout_loops_corners, minivault_4
D:2:      layout_basic, hellmonk_ecumenical_altar_watching_god
D:3:      layout_basic
D:4:      layout_loops_cross, temple_fountains
D:5:      layout_basic, grunt_temple_overflow_open, minitemple,
          minmay_pentangle, uniq_blork_the_orc, uniq_ijyb, uniq_duvessa
Temple:   hellmonk_temple_flake

Skill      XL: |  1  2  3  4  5  6 |
---------------+-------------------+-----
Ranged Weapons | 5 6 7 |  7.1
Dodging        | 3 4 |  4.0
Armour         | 1 |  1.6
Fighting       | 3 |  3.1
Stealth        | |  1.2
Invocations    | |  0.9

Action                     |  1- 3 |  4- 6 || total
---------------------------+-------+-------++-------
   Fire: Shortbow          |    90 |   159 ||   249
    Use: Scroll            |     8 |     4 ||    12
         Potion            |       |     2 ||     2
 Armour: Leather armour    |    10 |    62 ||    72
  Dodge: Dodged            |    14 |    72 ||    86
